 Dungeon Crawl Stone Soup version 0.24-a0-475-g5b41c6f (webtiles) character file.

Game seed: 13298791176373692213

6678 Spazmo the Thaumaturge (level 10, -1/50 HPs)
             Began as a Deep Elf Fire Elementalist on July 5, 2019.
             Was an Elder of Vehumet.
             Slain by a white ugly thing (34 damage)
             ... on level 9 of the Dungeon.
             The game lasted 00:23:56 (8263 turns).

Spazmo the Thaumaturge (Deep Elf Fire Elementalist) Turns: 8263, Time: 00:23:57

Health: -1/50      AC:  6    Str:  7    XL:     10   Next: 73%
Magic:  20/30      EV: 13    Int: 24    God:    Vehumet [****..]
Gold:   510        SH:  7    Dex: 15    Spells: 17/32 levels left

rFire    . . .     SeeInvis .   m - +4 morningstar (freeze) (curse)
rCold    . . .     Gourm    .   r - +2 buckler
rNeg     + . .     Faith    .   a - +1 robe
rPois    .         Spirit   .   z - +0 helmet
rElec    .         Reflect  .   i - +1 cloak {+Inv}
rCorr    .         Harm     .   (no gloves)
MR       +....                  (no boots)
Stlth    +++.......             x - macabre finger necklace {rN+}
HPRegen  0.16/turn              w - ring of stealth
MPRegen  0.22/turn              (no ring)
                                (no ring)

@: no status effects
A: high mp 1, strong 1, MP-powered wands
a: Renounce Religion, Evoke Invisibility


You were on level 9 of the Dungeon.
You worshipped Vehumet.
Vehumet was greatly pleased with you.
You were not hungry.

You visited 2 branches of the dungeon, and saw 10 of its levels.

You collected 510 gold pieces.

Inventory:

Hand Weapons
 d - a +0 short sword of electrocution
 m - a cursed +4 morningstar of freezing (weapon)
Missiles
 e - 272 stones (quivered)
Armour
 a - a +1 robe (worn)
 i - a +1 cloak of invisibility (worn)
 r - a +2 buckler (worn)
 z - a +0 helmet (worn)
Jewellery
 w - a ring of stealth (left hand)
 x - the macabre finger necklace (around neck) {rN+}
   (You found it on level 5 of the Dungeon)

   [amulet of nothing]

   It protects you from negative energy.
Wands
 h - a wand of polymorph (5)
 t - a wand of flame (22)
 v - a wand of random effects (22)
 y - a wand of iceblast (11)
Scrolls
 b - 2 scrolls of amnesia
 k - 2 scrolls of magic mapping
 l - 2 scrolls of enchant armour
 o - 4 scrolls of identify
 p - 2 scrolls of remove curse
 u - 2 scrolls of teleportation
Potions
 f - a potion of agility
 g - 2 potions of might
 j - 5 potions of brilliance
 n - 2 potions of magic
 q - a potion of curing
 s - a potion of ambrosia
 B - a potion of berserk rage {unknown}
Comestibles
 c - 20 rations


   Skills:
 - Level 2.4 Dodging
 - Level 2.4 Stealth
 - Level 4.0 Shields
 + Level 11.9 Spellcasting
 + Level 9.9 Conjurations
 + Level 10.4 Fire Magic


You had 17 spell levels left.
You knew the following spells:

 Your Spells              Type           Power        Failure   Level  Hunger
a - Flame Tongue          Conj/Fire      #####        1%          1    None
b - Throw Flame           Conj/Fire      ######       1%          2    None
c - Conjure Flame         Conj/Fire      ######..     1%          3    None
d - Sticky Flame          Conj/Fire      ######..     1%          4    None
e - Fireball              Conj/Fire      ######....   1%          5    ###....

Your spell library contained the following spells:

 Spells                   Type           Power        Failure   Level  Hunger
 Fulminant Prism          Conj/Hex       #####.....   1%          4    None
 Magic Dart               Conj           ####         1%          1    None
 Searing Ray              Conj           ######       1%          2    None
 Dazzling Spray           Conj/Hex       #####.       1%          3    None
 Inner Flame              Hex/Fire       #####...     1%          3    None
 Force Lance              Conj/Tloc      #####...     1%          4    None
 Iskenderun's Mystic Bla  Conj           ######..     1%          4    None


Dungeon Overview and Level Annotations

Branches:
Dungeon (9/15)             Temple (1/1) D:5
   Lair: D:8-11         Orc: D:9-12

Altars:
Ashenzari
Cheibriados
Dithmenos
Elyvilon
Fedhas
Gozag
Hepliaklqana
Kikubaaqudgha
Makhleb
Nemelex Xobeh
Okawaru
Qazlal
Ru
Sif Muna
Trog
Uskayaw
Vehumet
Wu Jian
Xom
Yredelemnul
Zin
The Shining One
Jiyva

Shops:
D:6 *

Annotations:
D:4 1 runed translucent door, Abara's ghost, amateur DDFi


Innate Abilities, Weirdness & Mutations

You have an increased reservoir of magic. (+10% MP)
Your muscles are strong. (Str +2)
You expend magic power (3 MP) to strengthen your wands.


Message History

Casting: Flame Tongue (safe; 1% risk of failure)
Confirm with . or Enter, or press ? or * to list all spells.
Aiming: Flame Tongue (safe; 1% risk of failure)
Press: ? - help, Shift-Dir - straight line, f/p - white ugly thing
Aim: a white ugly thing (moderately wounded)
The flame tongue hits the white ugly thing.
The white ugly thing is moderately wounded.
Casting: Flame Tongue (safe; 1% risk of failure)
Confirm with . or Enter, or press ? or * to list all spells.
Aiming: Sticky Flame (safe; 1% risk of failure)
Press: ? - help, Shift-Dir - straight line, f/p - white ugly thing
Aim: a white ugly thing (flame, moderately wounded)
The sticky flame hits the white ugly thing.
The white ugly thing is moderately wounded.
The white ugly thing is covered in liquid flames!
The white ugly thing burns!
The white ugly thing is engulfed in blazing flames.
The white ugly thing claws you! The white ugly thing freezes you!!
Ouch! That really hurt!
You die...

.#.. #...#..........#
.#.. #...#..........#
.#...#...#..........# .
.#...##'######...#####..
.#.......#...#..........
.#####...'†..#..........
##.......##'##..........
.#...##'##.†.###u##..###
.'...#...#......@.......
.#...'...#..............
##...###################
................
................
................
########....###
..#..).#......#
..'....'......#


You could see a white ugly thing (burning).

Vanquished Creatures
  A two-headed ogre (D:9)
  Pikel (D:9)
  Prince Ribbit (D:8)
  Sigmund (D:3)
  6 humans (D:8)
  3 ice beasts (D:9)
  4 sky beasts
  3 phantoms
  4 orc warriors
  4 slaves (D:9)
  3 black bears
  3 ogres
  4 centaurs
  5 bullfrogs
  3 scorpions
  5 wights (D:6)
  6 killer bees (D:9)
  2 howler monkeys (D:8)
  A quasit (D:7)
  A bullfrog zombie (D:8)
  8 hounds
  An iron imp (D:6)
  5 orc wizards
  5 orc priests
  2 bullfrog skeletons
  3 iguanas
  4 worker ants
  2 hound zombies
  2 hound skeletons
  A worker ant zombie (D:8)
  8 gnolls
  8 adders
  2 howler monkey skeletons (D:6)
  A shadow imp (D:8)
  2 oozes
  3 adder skeletons
  6 worms
  4 dart slugs
  7 leopard geckos
  40 orcs
  4 ball pythons
  6 giant cockroaches
  6 goblins
  2 hobgoblins
  14 jackals
  2 quokkas
  5 bats
  4 frilled lizards
  2 goblin zombies (D:6)
  5 hobgoblin zombies (D:6)
  11 kobolds
  A kobold skeleton (D:6)
  A leopard gecko skeleton (D:6)
  An orc zombie (D:6)
  A quokka zombie (D:6)
  14 rats
254 creatures vanquished.

Notes
Turn   | Place    | Note
-------+----------+-------------------------------------------
     0 | D:1      | Spazmo the Deep Elf Fire Elementalist began the quest for
                  | the Orb.
     0 | D:1      | Reached XP level 1. HP: 10/10 MP: 6/6
    91 | D:1      | Reached XP level 2. HP: 10/15 MP: 0/8
    95 | D:1      | Learned a level 2 spell: Throw Flame
   697 | D:2      | Found an iron altar of Okawaru.
   719 | D:2      | Reached XP level 3. HP: 19/19 MP: 7/10
   724 | D:2      | Learned a level 3 spell: Conjure Flame
   978 | D:2      | Reached skill level 4 in Spellcasting
   983 | D:2      | Reached XP level 4. HP: 19/24 MP: 3/12
   990 | D:2      | Learned a level 4 spell: Sticky Flame
  1339 | D:2      | Found a white marble altar of Elyvilon.
  1501 | D:2      | Noticed a moth of wrath
  1504 | D:2      | Found a bloodstained altar of Trog.
  1777 | D:3      | Reached XP level 5. HP: 24/28 MP: 7/14
  1971 | D:3      | Found a snail-covered altar of Cheibriados.
  1978 | D:3      | Noticed a black bear
  1983 | D:3      | Killed a black bear
  1983 | D:3      | Reached skill level 5 in Spellcasting
  1983 | D:3      | Reached skill level 5 in Fire Magic
  2005 | D:3      | Reached XP level 6. HP: 32/32 MP: 3/16
  2012 | D:3      | Learned a level 5 spell: Fireball
  2256 | D:3      | Found a shattered altar of Ashenzari.
  2294 | D:3      | Noticed a +0 dagger
  2295 | D:3      | Found a hide-covered altar of Uskayaw.
  2295 | D:3      | Noticed a +0 hand axe
  2310 | D:3      | Noticed Sigmund
  2321 | D:3      | Killed Sigmund
  2321 | D:3      | Reached skill level 1 in Shields
  2568 | D:4      | Reached skill level 6 in Spellcasting
  2578 | D:4      | Reached XP level 7. HP: 36/36 MP: 3/18
  2672 | D:4      | Found an ornate altar of the Wu Jian Council.
  3005 | D:4      | Found a runed translucent door.
  3005 | D:4      | Noticed Abara's ghost (amateur DDFi)
  3038 | D:4      | Found a deep blue altar of Sif Muna.
  3118 | D:5      | Entered Level 5 of the Dungeon
  3125 | D:5      | Found a staircase to the Ecumenical Temple.
  3145 | Temple   | Entered the Ecumenical Temple
  3191 | Temple   | Became a worshipper of Vehumet
  3486 | D:5      | Found a burning altar of Makhleb.
  3632 | D:5      | Found the macabre finger necklace {rN+}
  3643 | D:5      | Reached skill level 5 in Conjurations
  3954 | D:5      | Reached * piety under Vehumet
  3954 | D:5      | Offered knowledge of Magic Dart by Vehumet.
  4101 | D:6      | Reached skill level 7 in Spellcasting
  4147 | D:6      | Reached XP level 8. HP: 41/41 MP: 8/20
  4273 | D:6      | Found an opulent altar of Gozag.
  4757 | D:6      | Offered knowledge of Throw Frost by Vehumet.
  4817 | D:6      | Reached ** piety under Vehumet
  4886 | D:6      | Found a glowing golden altar of the Shining One.
  4897 | D:6      | Reached skill level 8 in Spellcasting
  4937 | D:6      | Gained mutation: Scrolls take you a little longer to read.
                  | [potion of mutation]
  4937 | D:6      | Gained mutation: Your muscles are strong. (Str +2) [potion
                  | of mutation]
  4937 | D:6      | Gained mutation: Your body sometimes deteriorates upon
                  | taking damage. [potion of mutation]
  4937 | D:6      | Gained mutation: Your movements are slightly less
                  | encumbered by armour. (ER -2) [potion of mutation]
  5049 | D:6      | Identified a scroll of acquirement
  5197 | D:6      | Found Jexug's Assorted Antiques.
  5600 | D:7      | Reached XP level 9. HP: 45/45 MP: 14/23
  5665 | D:7      | Lost mutation: Your body sometimes deteriorates upon taking
                  | damage. [potion of mutation]
  5665 | D:7      | Lost mutation: Scrolls take you a little longer to read.
                  | [potion of mutation]
  5665 | D:7      | Lost mutation: Your movements are slightly less encumbered
                  | by armour. (ER -2) [potion of mutation]
  5665 | D:7      | Gained mutation: Scrolls take you a little longer to read.
                  | [potion of mutation]
  5665 | D:7      | Gained mutation: You have an increased reservoir of magic.
                  | (+10% MP) [potion of mutation]
  5665 | D:7      | Lost mutation: Scrolls take you a little longer to read.
                  | [potion of mutation]
  5665 | D:7      | Gained mutation: You expend magic power (3 MP) to
                  | strengthen your wands. [potion of mutation]
  5750 | D:7      | Offered knowledge of Ignite Poison by Vehumet.
  5765 | D:7      | Reached skill level 9 in Spellcasting
  6446 | D:8      | Reached *** piety under Vehumet
  6450 | D:8      | Reached skill level 10 in Spellcasting
  6636 | D:8      | Found an opulent altar of Gozag.
  6647 | D:8      | Found a glowing silver altar of Zin.
  6805 | D:8      | Reached XP level 10. HP: 50/50 MP: 11/29
  6805 | D:8      | Noticed Prince Ribbit
  6814 | D:8      | Killed Prince Ribbit
  6952 | D:8      | Offered knowledge of Fulminant Prism by Vehumet.
  7355 | D:9      | Noticed a two-headed ogre
  7367 | D:9      | Killed a two-headed ogre
  7367 | D:9      | Reached skill level 11 in Spellcasting
  7443 | D:9      | Noticed Pikel
  7446 | D:9      | Killed Pikel
  7446 | D:9      | Reached skill level 10 in Fire Magic
  8173 | D:9      | Reached **** piety under Vehumet
  8251 | D:9      | Noticed a white ugly thing
  8263 | D:9      | Slain by a white ugly thing

Levels and vault maps discovered:
D:1:      dpeg_arrival_connections, layout_rooms, minmay_misc_feat_iff
D:2:      layout_basic, tgw_trog, okawaru_trees_1, elyvilon_altar_5,
          st_stairs_11
D:3:      layout_basic, dancing_weapons_uskayaw, ashenzari_altar_1,
          minmay_misc_feat_roman, kennysheep_slug_shrine, uniq_sigmund
D:4:      layout_cave_pools, old_standard_altar, nicolae_overflow_crystal_walls,
          ebering_ghost_reflecting_pool
D:5:      layout_loops_cross, makhleb_heckhound_becter,
          minmay_temple_entry_large_hall, first_ration
D:6:      layout_basic, nicolae_tso_besieged_by_evil, serial_shops, shop,
          grunt_gozag_statues
D:7:      layout_loops_ring, grunt_ogre_cave
D:8:      layout_rooms, grunt_temple_overflow_gold_and_silver, minmay_ruffians,
          uniq_prince_ribbit1
D:9:      layout_grid_maze, lair_entry_dummy, uniq_pikel
Temple:   pf_slimified_temple

Skill      XL: |  1  2  3  4  5  6  7  8  9 10 |
---------------+-------------------------------+-----
Conjurations   | 2 3 4 5 6 8 9 |  9.9
Spellcasting   | 4 5 6 7 8 10 11 | 11.9
Fire Magic     | 4 5 6 7 9 10 | 10.4
Shields        | 1 2 3 4 |  4.0
Dodging        | |  2.4
Stealth        | |  2.4

Action                   |  1- 3 |  4- 6 |  7- 9 | 10-12 || total
-------------------------+-------+-------+-------+-------++-------
Melee: Short sword       |     3 |       |       |       ||     3
       Morningstar       |       |       |     5 |     1 ||     6
 Cast: Flame Tongue      |    52 |   103 |   246 |    68 ||   469
       Throw Flame       |     1 |     8 |    54 |    12 ||    75
       Sticky Flame      |       |     1 |    31 |    15 ||    47
       Fireball          |       |       |     6 |     6 ||    12
       Conjure Flame     |       |       |       |     1 ||     1
  Use: Scroll            |     4 |     3 |     4 |       ||    11
       Potion            |       |     4 |     7 |       ||    11
  Eat: Chunk             |       |     5 |     9 |     4 ||    18
       Ration            |       |       |     2 |     1 ||     3
Armor: Robe              |     3 |     6 |    20 |     7 ||    36
       Skin              |       |       |     3 |       ||     3
Dodge: Dodged            |    17 |    22 |    49 |    10 ||    98
Block: Buckler           |       |     1 |    45 |    11 ||    57

Table legend:
 A = Non-vault XP
 B = Vault XP
 C = Vault XP percentage of total XP
 D = Non-vault monster count
 E = Vault monster count
 F = Vault count percentage of total count
                 A         B        C        D         E       F
            +---------+---------+-------+---------+---------+-------
      Total |    6977 |    2563 |  26.9 |     220 |      30 |  12.0
            +---------+---------+-------+---------+---------+-------
        D:1 |      39 |       0 |   0.0 |      20 |       0 |   0.0
        D:2 |     107 |      29 |  21.3 |      27 |       8 |  22.9
        D:3 |     228 |     216 |  48.6 |      25 |       2 |   7.4
        D:4 |     240 |       0 |   0.0 |      17 |       0 |   0.0
        D:5 |     327 |      43 |  11.6 |      17 |       1 |   5.6
        D:6 |    1053 |      52 |   4.7 |      43 |      10 |  18.9
        D:7 |    1390 |     122 |   8.1 |      21 |       1 |   4.5
        D:8 |     977 |    1438 |  59.5 |      22 |       7 |  24.1
        D:9 |    2616 |     663 |  20.2 |      28 |       1 |   3.4
            +---------+---------+-------+---------+---------+-------
